 Dungeon Crawl Stone Soup version 0.28-a0-1447-ga5a8893891 (webtiles) character file.

Game seed: 9972926368724201686

162224 HallandMoats the Warmonger (level 17, -18/137 HPs)
             Began as a Demonspawn Fighter on Jan 10, 2022.
             Was a High Priest of Okawaru.
             Killed from afar by a will-o-the-wisp (22 damage)
             ... with a foxfire
             ... on level 3 of the Swamp.
             The game lasted 01:51:11 (48789 turns).

HallandMoats the Warmonger (Demonspawn Fighter)    Turns: 48789, Time: 01:51:11

Health: -18/137    AC: 34    Str: 21    XL:     17   Next: 21%
Magic:  0/29       EV: 12    Int: 13    God:    Okawaru [*****.]
Gold:   2466       SH: 23    Dex: 16    Spells: 16/16 levels left

rFire   . . .      SeeInvis .   a - +9 mace "Guuwk" {drain, Int+3}
rCold   . . .      Faith    .   B - +0 kite shield {AC+3}
rNeg    + . .      Spirit   +   y - +10 chain mail "Ofyek" {Will+ rCorr Stlth+}
rPois   +          Reflect  +   n - +2 hood of the Assassin {Detection Stab+ Stlth++}
rElec   .          Harm     .   p - +0 cloak {rPois}
rCorr   +          Rampage  +   R - +0 pair of gloves "Kabel" {rCorr}
Will    +++..      Clarity  +   D - +2 pair of boots {rampage}
Stlth   ++........              z - amulet of reflection
HPRegen 0.32/turn               A - ring of willpower
MPRegen 0.42/turn               d - ring of positive energy

@: very slow
A: claws 2, large bone plates 3, icemail 1, magic shield, magic regeneration,
magic link, condensation shield, talons 1, clarity, poison resistance,
MP-powered wands, noise suppression
a: Renounce Religion, Heroism, Finesse, Duel


You were on level 3 of the Swamp.
You worshipped Okawaru.
Okawaru was extremely pleased with you.
You visited 5 branches of the dungeon, and saw 28 of its levels.
You also visited: Ossuary and Gauntlet.

You collected 3536 gold pieces.
You spent 1070 gold pieces at shops.

Inventory:

Hand Weapons
 a - the +9 mace "Guuwk" (weapon) {drain, Int+3}
   (You bought it in a shop on level 2 of the Orcish Mines)

   A truly terrible weapon, it drains the life of any living foe it strikes.
   Int:       It affects your intelligence (+3).
 b - a +0 morningstar
Missiles
 H - 6 throwing nets (quivered)
Armour
 j - the +9 scale mail "Imijabri" {+Blink Str+4 Slay+3}
   (Okawaru gifted it to you on level 4 of the Lair of Beasts)

   Str:       It affects your strength (+4).
   Slay:      It affects your accuracy & damage with ranged weapons and melee
   (+3).
   +Blink:    It lets you blink.
 n - the +2 hood of the Assassin (worn) {Detection Stab+ Stlth++}
   (You acquired it on level 10 of the Dungeon)

   It allows the wearer to sense nearby creatures.
   It allows the wearer to make particularly effective stabbing attacks against
   helpless or unaware enemies with any weapon.
   Stlth:     It makes you much more stealthy.
 p - a +0 cloak of poison resistance (worn)
 y - the +10 chain mail "Ofyek" (worn) {Will+ rCorr Stlth+}
   (Okawaru gifted it to you on level 3 of the Lair of Beasts)

   rCorr:     It protects you from acid and corrosion.
   Will:      It increases your willpower.
   Stlth:     It makes you more stealthy.
 B - a +0 kite shield of protection (worn)
 D - a +2 pair of boots of rampaging (worn)
 R - the +0 pair of gloves "Kabel" (worn) {rCorr}
   (You found it in a Gauntlet)

   rCorr:     It protects you from acid and corrosion.
Jewellery
 d - a ring of positive energy (right hand)
 k - a ring of resist corrosion
 z - an amulet of reflection (around neck)
 A - a ring of willpower (left hand)
 S - a ring of protection from fire
Wands
 x - a wand of acid (7)
 I - a wand of digging (7)
Scrolls
 c - 2 scrolls of amnesia
 f - 7 scrolls of enchant armour
 o - a scroll of blinking
 s - 7 scrolls of identify
 u - 6 scrolls of teleportation
 w - 4 scrolls of fear
 F - 2 scrolls of enchant weapon
 L - 2 scrolls of magic mapping
 Q - 2 scrolls of fog
Potions
 e - 3 potions of mutation
 g - 5 potions of brilliance
 h - 10 potions of magic
 i - 2 potions of cancellation
 l - 7 potions of curing
 m - 4 potions of heal wounds
 q - a potion of flight
 t - a potion of might
 v - a potion of haste
 J - a potion of resistance
 M - 3 potions of ambrosia
Miscellaneous
 K - a phial of floods


   Skills:
 + Level 13.4 Fighting
 + Level 14.5 Maces & Flails
 + Level 12.2 Armour
 + Level 11.8 Dodging
 + Level 9.2 Stealth
 * Level 6.1 Shields
 + Level 17.4 Invocations


You had 16 spell levels left.
You didn't know any spells.
Your spell library contained the following spells:

 Spells                   Type           Power      Damage    Failure   Level
 Apportation              Tloc           0%         N/A       99%         1
 Magic Dart               Conj           0%         1d3       99%         1
 Blink                    Tloc           0%         N/A       100%        2
 Ensorcelled Hibernation  Hex/Ice        0%         N/A       100%        2
 Scorch                   Fire           0%         2d5       100%        2
 Searing Ray              Conj           0%         2d4       100%        2
 Static Discharge         Conj/Air       0%         N/A       100%        2
 Conjure Flame            Conj/Fire      0%         6-21      100%        3
 Dazzling Flash           Conj/Hex       0%         N/A       100%        3
 Ignite Poison            Fire/Tmut/Pois 0%         N/A       100%        3
 Inner Flame              Hex/Fire       0%         N/A       100%        3
 Mephitic Cloud           Conj/Pois/Air  0%         N/A       100%        3
 Ozocubu's Armour         Ice            0%         N/A       100%        3
 Portal Projectile        Hex/Tloc       0%         N/A       100%        3
 Airstrike                Air            0%         N/A       100%        4
 Anguish                  Hex/Necr       0%         N/A       100%        4
 Cause Fear               Hex            0%         N/A       100%        4
 Fulminant Prism          Conj/Hex       0%         3d6       100%        4
 Iskenderun's Mystic Bla  Conj/Tloc      0%         2d3       100%        4
 Leda's Liquefaction      Hex/Erth       0%         N/A       100%        4
 Sticky Flame             Conj/Fire      0%         2d3       100%        4
 Agony                    Necr           0%         N/A       100%        5
 Blade Hands              Tmut           0%         N/A       100%        5
 Excruciating Wounds      Necr           0%         N/A       100%        5
 Fireball                 Conj/Fire      0%         3d3       100%        5
 Freezing Cloud           Conj/Ice/Air   0%         6-21      100%        5
 Irradiate                Conj/Tmut      0%         3d13      100%        5
 Iskenderun's Battlesphe  Conj           0%         2d6       100%        5
 Lee's Rapid Deconstruct  Erth           0%         3d5*      100%        5
 Lightning Bolt           Conj/Air       0%         1d11      100%        5
 Manifold Assault         Tloc           0%         N/A       100%        5
 Metabolic Englaciation   Hex/Ice        0%         N/A       100%        5
 Silence                  Hex/Air        0%         N/A       100%        5
 Conjure Ball Lightning   Conj/Air       0%         3x3d6     100%        6
 Iron Shot                Conj/Erth      0%         9d1       100%        6
 Statue Form              Tmut/Erth      0%         N/A       100%        6
 Enfeeble                 Hex            0%         N/A       100%        7
 Orb of Destruction       Conj           0%         N/A       100%        7
 Ozocubu's Refrigeration  Ice            0%         4d5       100%        7
 Storm Form               Tmut/Air       0%         N/A       100%        7
 Discord                  Hex            0%         N/A       100%        8
 Maxwell's Capacitive Co  Air            0%         ∞         100%        8
 Animate Skeleton         Necr           Unusable   N/A       N/A         1
 Summon Small Mammal      Summ           Unusable   N/A       N/A         1
 Call Imp                 Summ           Unusable   N/A       N/A         2
 Tukima's Dance           Hex            Unusable   N/A       N/A         3
 Summon Lightning Spire   Summ/Air       Unusable   N/A       N/A         4
 Simulacrum               Ice/Necr       Unusable   N/A       N/A         6
 Spellforged Servitor     Conj/Summ      Unusable   N/A       N/A         7

Dungeon Overview and Level Annotations

Branches:
Dungeon (15/15)            Temple (1/1) D:4            Lair (6/6) D:11
  Swamp (4/4) Lair:2       Spider (0/4) Lair:3        Slime (0/5) Lair:6
    Orc (2/2) D:11            Elf (0/3) Orc:2        Vaults (0/5) D:13
 Depths (0/4) D:15        Ossuary (visited)         Gauntlet (visited)

Altars:
Ashenzari
Cheibriados
Dithmenos
Elyvilon
Fedhas
Gozag
Hepliaklqana
Kikubaaqudgha
Makhleb
Nemelex Xobeh
Okawaru
Qazlal
Ru
Sif Muna
Trog
Uskayaw
Vehumet
Wu Jian
Xom
Yredelemnul
Zin
The Shining One
Beogh

Shops:
D:5 ?   D:8 *   D:9 [   Orc:2 :*([

Annotations:
D:8 2 transporters, croobank's ghost, novice DsAK


Innate Abilities, Weirdness & Mutations

You have very sharp fingernails.
You are completely covered in large bone plates. (SH +8)
A meltable icy envelope protects you from harm. (AC +0)
When hurt, damage is shared between your health and your magic reserves.
You regenerate magic rapidly.
When low on magic, you restore magic in place of health.
A meltable shield of frost defends you. (SH +0)
You have sharp toenails.
You possess an exceptional clarity of mind.
Your system is resistant to poisons. (rPois)
You expend magic power (3 MP) to strengthen your wands.
You passively dampen the noise of your surroundings.


Message History

The will-o-the-wisp gestures.
The will-o-the-wisp conjures some foxfire! 2 foxfires come into view.
You sock the swamp dragon!
The swamp dragon is severely wounded.
You feel sick. The foxfire hits you.
* * * LOW HITPOINT WARNING * * *
The foxfire hits you.
* * * LOW HITPOINT WARNING * * *
You block the will-o-the-wisp's attack.
The swamp dragon bites you but does no damage.
You block the swamp dragon's attack. The swamp dragon closely misses you.
Unknown command.
You hit the swamp dragon. You drain the swamp dragon.
The swamp dragon is almost dead.
You feel sick.
You are no longer poisoned.
You block the swamp dragon's attack. The swamp dragon barely misses you. x2
You block the will-o-the-wisp's attack.
You sock the swamp dragon!
You kill the swamp dragon!
Okawaru accepts your kill.
The will-o-the-wisp gestures.
The will-o-the-wisp conjures some foxfire! 2 foxfires come into view.
Unknown command.
You enter the shallow water.
Moving in this stuff is going to be slow.
The foxfire hits you.
* * * LOW HITPOINT WARNING * * *
The foxfire hits you!
* * * LOW HITPOINT WARNING * * *
The will-o-the-wisp gestures.
The will-o-the-wisp conjures some foxfire! 2 foxfires come into view.
You see here a swamp dragon corpse.
The foxfire hits you!!
* * * LOW HITPOINT WARNING * * *
The foxfire hits you!!
You die...

♣ ♣.♣ ♣.♣ ♣.♣ ♣.♣.♣♣ ♣♣ ♣♣♣ ♣≈♣
♣.♣ ♣.♣ ♣.≈≈.♣ .♣♣♣.♣♣♣≈♣ ♣≈♣
♣.♣ ♣.≈≈♣♣ §≈♣♣≈♣♣.♣♣ ♣≈♣ ♣.♣♣
♣.≈≈♣ .♣.♣≈≈♣≈♣ ♣♣§♣♣ ♣..♣
♣.≈.♣ ≈≈.♣≈..≈♣ ♣v§§♣ ♣≈≈♣
♣≈..♣ ≈≈...≈§.♣♣♣♣ ♣♣°♣♣
♣.≈♣♣♣≈.♣♣ ≈≈♣≈≈≈≈≈≈♣.♣♣ ♣v♣
♣[.♣♣....♣♣ .≈≈≈≈≈♣...≈≈♣ ♣@♣♣
♣♣..≈..>♣≈≈♣♣ .....≈♣♣♣≈..♣
♣≈.♣♣♣..♣≈≈≈.♣♣♣.♣
).♣♣.≈♣♣♣≈≈§♣♣♣♣≈.....≈≈≈≈≈.♣
♣♣♣
..≈≈.≈≈♣♣....♣♣≈≈.♣♣♣..≈≈≈≈≈♣
♣≈≈≈♣♣≈♣♣.≈.♣♣♣≈§.♣♣♣♣≈≈≈≈≈.♣♣
♣[≈♣♣♣♣♣♣♣..≈♣♣♣♣♣♣≈♣♣≈≈≈≈...♣
♣..♣♣♣♣ ♣♣..♣♣♣♣♣♣♣≈♣♣≈≈...♣.♣
♣♣.♣≈≈♣♣♣≈≈≈≈♣.♣.♣.≈÷.≈≈≈.§≈.♣
♣.≈.....≈≈<<≈.......).≈≈≈.≈≈≈♣♣


You could see a will-o-the-wisp.

Vanquished Creatures
  Saint Roka (Arena)
  Nikola (Swamp:1)
  Jorgrun (Swamp:3)
  Roxanne (D:15)
  A thorn hunter (Swamp:3)
  An orc warlord (Orc:2)
  Louise (Swamp:1)
  Aizul (Lair:2)
  6 eleionomae
  Nessos (D:15)
  A dire elephant (Lair:4)
  Azrael (D:13)
  5 bunyips (Swamp:1)
  A minotaur (Gauntlet)
  2 fire dragons (D:15)
  A blizzard demon (Gauntlet)
  13 hydras
  Harold (Lair:1)
  6 boulder beetles
  2 catoblepae
  Erolcha (D:10)
  2 ogre magi (D:13)
  4 vault guards (D:13)
  8 ghost crabs
  6 two-headed ogres
  6 centaur warriors
  7 alligators
  A death scarab (Gauntlet)
  4 tengu warriors
  15 death yaks
  6 orc high priests
  Sonja (Orc:2)
  A deep elf knight (D:13)
  11 slime creatures
  2 skeletal warriors (D:15)
  A fire crab (Lair:4)
  6 goliath frogs
  3 bog bodies (Swamp:1)
  6 swamp dragons
  4 spriggan druids
  A flayed ghost (D:15)
  A wizard (D:13)
  10 orc knights
  Pikel (D:8)
  A necromancer (D:15)
  A shadow dragon zombie (D:15)
  A wolf spider (Lair:4)
  A frost giant zombie (D:15)
  A spectral boulder beetle (Gauntlet)
  A fire giant zombie (D:15)
  3 orc sorcerers (Orc:2)
  2 deep elf pyromancers
  5 ugly things
  2 will-o-the-wisps
  5 manticores
  Maurice (D:9)
  5 cyclopes
  3 apocalypse crabs (Swamp:1)
  2 elephants (Lair:4)
  4 black mambas
  4 molten gargoyles (D:10)
  2 gargoyles
  27 cane toads
  3 kobold demonologists
  A rime drake (Lair:5)
  An ice devil (Gauntlet)
  5 komodo dragons
  5 yaktaurs (D:12)
  2 efreet
  8 trolls
  A polar bear (Lair:4)
  A bloated husk (Swamp:3)
  6 hornets
  10 tyrant leeches
  A spriggan zombie (D:15)
  32 blink frogs
  Prince Ribbit (D:8)
  2 raiju (Gauntlet)
  A blink frog (shapeshifter) (D:14)
  A jumping spider (Lair:3)
  Sigmund (D:4)
  4 shadows
  3 wraiths
  41 yaks
  A vampire (D:12)
  17 spriggans
  12 wyverns
  A hog (shapeshifter) (D:15)
  7 basilisks
  10 vampire mosquitoes
  A fire elemental (D:13)
  3 redbacks (Lair:3)
  3 steam dragons
  5 wargs
  4 hell hounds (D:13)
  13 swamp worms
  An acid dragon (D:13)
  12 water moccasins
  29 orc warriors
  2 swamp drakes
  2 sky beasts
  16 ogres
  3 black bears
  8 boggarts (D:15)
  9 centaurs
  7 kobold brigands
  An elf zombie (D:6)
  A gnoll sergeant (D:8)
  24 bullfrogs
  Blork the orc (D:4)
  2 elf skeletons (D:6)
  5 water moccasin zombies (Ossuary)
  4 scorpions
  A water moccasin skeleton (D:6)
  36 killer bees
  5 electric eels
  3 wights (D:9)
  9 howler monkeys
  5 centaur zombies
  A jelly (D:5)
  3 orc priests
  2 centaur skeletons
  4 hounds
  9 iguanas
  An iron imp (D:6)
  Natasha (thrice) (D:4)
  6 human skeletons (D:6)
  21 orc wizards
  Ijyb (D:3)
  A lightning spire (Gauntlet)
  2 mummies (Ossuary)
  Robin (D:3)
  11 adders
  5 gnolls (D:8)
  A howler monkey zombie (D:9)
  A shadow imp (D:7)
  3 white imps
  9 adder zombies (Ossuary)
  6 worms
  78 orcs
  8 ball pythons
  6 bats
  5 endoplasms
  2 giant cockroaches
  15 goblins
  8 hobgoblins
  4 jackals (D:3)
  6 quokkas
  2 frilled lizards
  4 gnoll zombies (Ossuary)
  2 goblin skeletons (D:6)
  2 goblin zombies (D:6)
  6 hobgoblin zombies
  19 kobolds
  5 kobold zombies
  2 orc skeletons (D:6)
  8 orc zombies
  9 rats
  3 briar patches (Swamp:3)
905 creatures vanquished.

Vanquished Creatures (others)
  4 bloated husks
  2 hornets (Swamp:3)
  2 spriggans (Swamp:3)
  A sky beast (D:7)
  2 boggarts (D:15)
  A killer bee (Lair:2)
  An orc (D:4)
  A kobold (D:14)
  33 foxfires
  54 fungi
  84 plants
  5 withered plants
190 creatures vanquished.

Grand Total: 1095 creatures vanquished

Notes
Turn   | Place    | Note
-------+----------+-------------------------------------------
     0 | D:1      | HallandMoats the Demonspawn Fighter began the quest for the
                  | Orb.
     0 | D:1      | Reached XP level 1. HP: 18/18 MP: 1/1
   185 | D:1      | Gained mutation: You regenerate magic rapidly. [demonic
                  | ancestry]
   185 | D:1      | Reached XP level 2. HP: 24/24 MP: 2/2
   774 | D:1      | Reached XP level 3. HP: 29/29 MP: 3/3
  1036 | D:2      | Found a faded altar of an unknown god.
  1407 | D:2      | Gained mutation: When hurt, damage is shared between your
                  | health and your magic reserves. [demonic ancestry]
  1407 | D:2      | Reached XP level 4. HP: 36/36 MP: 4/4
  1815 | D:2      | Reached skill level 1 in Dodging
  1870 | D:2      | Reached skill level 1 in Invocations
  2385 | D:3      | Found a shadowy altar of Dithmenos.
  2427 | D:3      | Gained mutation: A meltable shield of frost defends you.
                  | (SH +0) [demonic ancestry]
  2427 | D:3      | Reached XP level 5. HP: 26/42 MP: 6/6
  2613 | D:3      | Noticed Robin
  2657 | D:3      | Killed Robin
  2659 | D:3      | Reached skill level 2 in Invocations
  2730 | D:3      | Noticed Ijyb
  2753 | D:3      | Killed Ijyb
  3068 | D:3      | Found an iron altar of Okawaru.
  3076 | D:3      | Became a worshipper of Warmaster Okawaru
  3253 | D:3      | Found a burning altar of Makhleb.
  3253 | D:3      | Noticed a blizzard demon
  3256 | D:3      | Noticed a hellwing
  3256 | D:3      | Noticed a hellwing
  3477 | D:4      | Noticed Blork the orc
  3599 | D:3      | Gained mutation: You are agile. (Dex +2) [potion of
                  | mutation]
  3599 | D:3      | Gained mutation: Your spells are a little easier to cast,
                  | but a little less powerful. [potion of mutation]
  3599 | D:3      | Gained mutation: You have sharp fingernails. [potion of
                  | mutation]
  3599 | D:3      | Gained mutation: You are somewhat resistant to further
                  | mutation. [potion of mutation]
  3601 | D:4      | Found a staircase to the Ecumenical Temple.
  3634 | D:3      | Reached skill level 3 in Invocations
  3634 | D:3      | Gained mutation: You are partially covered in large bone
                  | plates. (SH +4) [demonic ancestry]
  3634 | D:3      | Reached XP level 6. HP: 26/48 MP: 5/8
  4067 | D:4      | Reached * piety under Okawaru
  4073 | Temple   | Entered the Ecumenical Temple
  4185 | D:4      | Killed Blork the orc
  4192 | D:4      | Reached XP level 7. HP: 55/55 MP: 9/9
  4198 | D:4      | Reached skill level 4 in Invocations
  4397 | D:4      | Noticed Natasha
  4404 | D:4      | Killed Natasha
  4438 | D:4      | Noticed Natasha
  4455 | D:4      | Killed Natasha
  4464 | D:4      | Noticed Natasha
  4479 | D:4      | Killed Natasha
  4723 | D:4      | Noticed Sigmund
  4733 | D:4      | Killed Sigmund
  4879 | D:5      | Entered Level 5 of the Dungeon
  4909 | D:5      | Reached skill level 5 in Fighting
  5177 | D:5      | Found Unlak's Magic Scroll Emporium.
  5189 | D:5      | Reached skill level 5 in Invocations
  5202 | D:5      | Reached ** piety under Okawaru
  5209 | D:5      | Bought a scroll of blinking for 75 gold pieces
  5209 | D:5      | Bought a scroll of identify for 20 gold pieces
  5237 | D:5      | Reached XP level 8. HP: 55/62 MP: 11/11
  6129 | D:6      | Found a sand-covered staircase.
  6146 | Ossuary  | Entered an ossuary
  6303 | Ossuary  | Reached skill level 6 in Invocations
  6336 | Ossuary  | Reached skill level 5 in Maces & Flails
  6889 | D:6      | Reached XP level 9. HP: 69/69 MP: 14/14
  7024 | D:6      | Reached *** piety under Okawaru
  7459 | D:6      | Found a sparkling altar of Nemelex Xobeh.
  7806 | D:7      | Reached skill level 7 in Invocations
  8981 | D:7      | Reached skill level 5 in Shields
  9271 | D:7      | Reached skill level 5 in Armour
  9271 | D:7      | Reached skill level 8 in Invocations
 10102 | D:8      | Noticed Prince Ribbit
 10122 | D:8      | Killed Prince Ribbit
 10441 | D:8      | Gained mutation: When low on magic, you restore magic in
                  | place of health. [demonic ancestry]
 10441 | D:8      | Reached XP level 10. HP: 59/79 MP: 16/16
 10538 | D:8      | Found Paehiom's CLEARANCE SALE!.
 10572 | D:8      | Noticed Pikel
 10599 | D:8      | Killed Pikel
 10599 | D:8      | Reached **** piety under Okawaru
 10701 | D:8      | Found a transporter.
 10702 | D:8      | Noticed croobank's ghost (novice DsAK)
 10704 | D:8      | Identified the +3 great mace "Joadad" {vamp, rF+ Int+2}
 10704 | D:8      | Identified the +7 great mace of Superiority {drain, rF+
                  | rC+}
 10704 | D:8      | Noticed a two-headed ogre
 10707 | D:8      | Found a transporter.
 10791 | D:8      | Noticed a cyclops
 10816 | D:8      | Noticed a two-headed ogre
 11449 | D:8      | Reached skill level 9 in Invocations
 11456 | D:8      | Killed a two-headed ogre
 11468 | D:8      | Killed a cyclops
 11602 | D:8      | Reached ***** piety under Okawaru
 12079 | D:8      | Found a hide-covered altar of Uskayaw.
 12088 | D:8      | Identified the +1 spear of Unreason {vorpal, rElec rF+
                  | Int+3}
 12365 | D:9      | Noticed Maurice
 12391 | D:9      | Reached skill level 10 in Invocations
 12407 | D:9      | Reached skill level 5 in Dodging
 12454 | D:9      | Killed Maurice
 12844 | D:9      | Gained mutation: You are mostly covered in large bone
                  | plates. (SH +6) [demonic ancestry]
 12844 | D:9      | Reached XP level 11. HP: 72/87 MP: 16/18
 13088 | D:9      | Found Sunin's Antique Armour Shop.
 13096 | D:9      | Bought a glimmering ring mail for 225 gold pieces
 13096 | D:9      | Identified the +4 ring mail of Fashionability {+Blink} (You
                  | bought it in a shop on level 9 of the Dungeon)
 13291 | D:9      | Noticed a two-headed ogre
 13295 | D:9      | Noticed a two-headed ogre
 13317 | D:9      | Killed a two-headed ogre
 13336 | D:9      | Killed a two-headed ogre
 13785 | D:9      | Reached skill level 11 in Invocations
 13949 | D:10     | Entered Level 10 of the Dungeon
 14056 | D:10     | Reached ****** piety under Okawaru
 14383 | D:10     | Noticed Erolcha
 14395 | D:10     | Killed Erolcha
 14502 | D:10     | Received a gift from Okawaru
 15876 | D:10     | Identified a scroll of acquirement
 15876 | D:10     | Acquired the +2 hood of the Assassin {Detection Stab+
                  | Stlth++}
 15876 | D:10     | Found the +2 hood of the Assassin {Detection Stab+ Stlth++}
 16057 | D:11     | Noticed an eight-headed hydra
 16371 | D:11     | Noticed a boulder beetle
 16404 | D:11     | Found a staircase to the Orcish Mines.
 16432 | D:11     | Found a staircase to the Lair.
 16442 | D:11     | Reached skill level 12 in Invocations
 16507 | D:11     | Reached skill level 10 in Fighting
 17077 | D:11     | Killed an eight-headed hydra
 17406 | D:11     | Killed a boulder beetle
 17407 | D:11     | Gained mutation: You are completely covered in large bone
                  | plates. (SH +8) [demonic ancestry]
 17407 | D:11     | Reached XP level 12. HP: 68/97 MP: 16/21
 17626 | D:11     | Found a bloodstained altar of Trog.
 17961 | D:12     | Noticed a four-headed hydra
 17979 | D:12     | Killed a four-headed hydra
 17979 | D:12     | Received a gift from Okawaru
 17982 | D:12     | Noticed a six-headed hydra
 18296 | D:11     | Killed a six-headed hydra
 18634 | D:12     | Reached skill level 13 in Invocations
 19360 | D:12     | Reached skill level 10 in Maces & Flails
 19363 | D:12     | Noticed a boulder beetle
 19962 | Orc:1    | Entered Level 1 of the Orcish Mines
 20126 | Orc:1    | Received a gift from Okawaru
 21283 | Lair:1   | Entered Level 1 of the Lair of Beasts
 21375 | Lair:1   | Noticed a death yak
 21375 | Lair:1   | Noticed a death yak
 21375 | Lair:1   | Noticed a death yak
 21375 | Lair:1   | Noticed a death yak
 21393 | Lair:1   | Killed a death yak
 21393 | Lair:1   | Received a gift from Okawaru
 21409 | Lair:1   | Killed a death yak
 21419 | Lair:1   | Killed a death yak
 21429 | Lair:1   | Killed a death yak
 21430 | Lair:1   | Reached skill level 14 in Invocations
 21901 | Lair:1   | Received a gift from Okawaru
 22060 | Lair:1   | Noticed Harold
 22076 | Lair:1   | Killed Harold
 22077 | Lair:1   | Mutation became permanent: You have sharp fingernails.
                  | [demonic ancestry]
 22077 | Lair:1   | Gained mutation: You have sharp fingernails. [demonic
                  | ancestry]
 22077 | Lair:1   | Reached XP level 13. HP: 101/105 MP: 23/23
 22093 | Lair:1   | Lost mutation: You are somewhat resistant to further
                  | mutation. [potion of mutation]
 22093 | Lair:1   | Lost mutation: Your spells are a little easier to cast, but
                  | a little less powerful. [potion of mutation]
 22093 | Lair:1   | Lost mutation: You are agile. (Dex +2) [potion of mutation]
 22093 | Lair:1   | Gained mutation: You expend magic power (3 MP) to
                  | strengthen your wands. [potion of mutation]
 22093 | Lair:1   | Gained mutation: You have hidden genetic potential. [potion
                  | of mutation]
 22093 | Lair:1   | Gained mutation: You possess an exceptional clarity of
                  | mind. [potion of mutation]
 23778 | Lair:2   | Reached skill level 1 in Stealth
 24214 | Lair:2   | Found a staircase to the Swamp.
 25255 | Lair:3   | Identified the +10 chain mail "Ofyek" {Will+ rCorr Stlth+}
                  | (Okawaru gifted it to you on level 3 of the Lair of Beasts)
 25255 | Lair:3   | Received a gift from Okawaru
 25353 | Lair:3   | Identified the +3 leather armour of Stained Creativity
                  | {Harm rElec Int-5 Dex+3}
 26247 | Lair:3   | Found a hole to the Spider Nest.
 27601 | Lair:4   | Reached skill level 15 in Invocations
 28009 | Lair:4   | Reached XP level 14. HP: 113/113 MP: 25/25
 28052 | Lair:4   | Reached skill level 5 in Stealth
 28075 | Lair:4   | Gained mutation: You have sharp toenails. [hidden
                  | potential]
 28245 | Lair:4   | Identified the +9 scale mail "Imijabri" {+Blink Str+4
                  | Slay+3} (Okawaru gifted it to you on level 4 of the Lair of
                  | Beasts)
 28245 | Lair:4   | Received a gift from Okawaru
 28628 | Lair:4   | Got Vehumet's Almanac of Arcane Weapons
 30082 | Lair:6   | Entered Level 6 of the Lair of Beasts
 30856 | Lair:6   | Found a staircase to the Slime Pits.
 32127 | Lair:6   | Received a gift from Okawaru
 32417 | Lair:6   | Got Zuxzod's Grimoire of Snow
 33574 | D:12     | Gained mutation: A meltable icy envelope protects you from
                  | harm. (AC +0) [demonic ancestry]
 33574 | D:12     | Reached XP level 15. HP: 117/121 MP: 26/26
 33756 | D:12     | Gained mutation: You have great hidden genetic potential.
                  | [hidden potential]
 33756 | D:12     | Lost mutation: You have great hidden genetic potential.
                  | [hidden potential expressed]
 33794 | D:12     | Identified the +2 buckler of Lightning Storm {Int+4}
                  | (Okawaru gifted it to you on level 12 of the Dungeon)
 33794 | D:12     | Received a gift from Okawaru
 34746 | D:13     | Reached skill level 10 in Armour
 34840 | D:13     | Noticed Azrael
 34863 | D:13     | Killed Azrael
 35131 | D:13     | Reached skill level 16 in Invocations
 35549 | D:13     | Found a gate to the Vaults.
 35869 | D:13     | You fall into a shaft and drop 1 floor!
 36083 | D:14     | Found a radiant altar of Vehumet.
 36277 | D:14     | Reached skill level 10 in Dodging
 37010 | D:15     | Entered Level 15 of the Dungeon
 37010 | D:15     | Noticed Roxanne
 37289 | D:15     | Killed Roxanne
 37307 | D:15     | Found a staircase to the Depths.
 37325 | D:15     | Noticed Nessos
 37331 | D:15     | Found a gate leading to a gauntlet.
 37338 | Gauntlet | Entered a Gauntlet
 37338 | Gauntlet | Found a transporter.
 37338 | Gauntlet | Found a transporter.
 37338 | Gauntlet | Found a transporter.
 37338 | Gauntlet | Found a transporter.
 37402 | Gauntlet | Found a transporter.
 37412 | Gauntlet | Found a transporter.
 37416 | Gauntlet | Found a transporter.
 37428 | Gauntlet | Found a transporter.
 37448 | Gauntlet | Found a transporter.
 37465 | Gauntlet | Found a transporter.
 37469 | Gauntlet | Found a transporter.
 37479 | Gauntlet | Found a transporter.
 37683 | Gauntlet | Acquired 904 gold pieces
 37711 | Gauntlet | Identified the +0 pair of gloves "Kabel" {rCorr}
 37779 | Gauntlet | Identified the +6 spear of Focus {speed, rC+}
 37799 | Gauntlet | HP: 5/122 [minotaur (29)]
 37876 | Gauntlet | Identified the ring of Surprise {*Corrode rF+ Int+6 Dex+2}
 37877 | Gauntlet | Got the Papyrus of Feathers and Displacement
 37886 | D:15     | Killed Nessos
 38381 | D:15     | Identified the +2 demon whip "Netink" {pain, *Slow rN+
                  | Will+ Int+4} (Okawaru gifted it to you on level 15 of the
                  | Dungeon)
 38381 | D:15     | Received a gift from Okawaru
 39169 | D:15     | Gained mutation: You have very sharp fingernails. [demonic
                  | ancestry]
 39169 | D:15     | Reached XP level 16. HP: 113/129 MP: 28/28
 39768 | Orc:2    | Entered Level 2 of the Orcish Mines
 39779 | Orc:2    | Noticed Saint Roka
 39805 | Orc:1    | Gained mutation: Your system is resistant to poisons.
                  | (rPois) [hidden potential]
 40488 | Arena    | Entered the Arena
 40510 | Arena    | Killed Saint Roka
 40762 | Orc:2    | Found Xuri's Book Emporium.
 41169 | Orc:2    | Found Mamet Xeme's Antique Weapon Emporium.
 41190 | Orc:2    | Found a staircase to the Elven Halls.
 41633 | Orc:2    | Found Xaxawn's Antique Armour Shoppe.
 41646 | Orc:2    | Noticed Sonja
 41661 | Orc:2    | Killed Sonja
 42010 | Orc:2    | Found a runed translucent door.
 42139 | Orc:2    | Found Meighum's General Store.
 42597 | Orc:2    | Received a gift from Okawaru
 42833 | Orc:2    | Bought a spiked buckler for 294 gold pieces
 42833 | Orc:2    | Identified the +0 buckler of Raharowi {rF+} (You bought it
                  | in a shop on level 2 of the Orcish Mines)
 42833 | Orc:2    | Bought an embroidered cloak for 232 gold pieces
 42921 | Orc:2    | Bought a polished mace for 224 gold pieces
 42921 | Orc:2    | Identified the +9 mace "Guuwk" {drain, Int+3} (You bought
                  | it in a shop on level 2 of the Orcish Mines)
 43216 | Swamp:1  | Entered Level 1 of the Swamp
 43738 | Swamp:1  | Noticed Aizul
 43767 | Lair:2   | Killed Aizul
 44296 | Swamp:1  | Noticed Louise
 44306 | Swamp:1  | Found a hazy altar of Hepliaklqana.
 44325 | Swamp:1  | Killed Louise
 44447 | Swamp:1  | Reached skill level 17 in Invocations
 44457 | Swamp:1  | Found a runed translucent door.
 44572 | Swamp:1  | Got the Compendium of the Traveller and Companions
 44871 | Swamp:1  | Noticed Nikola
 44877 | Swamp:1  | Killed Nikola
 44959 | Swamp:1  | Got the Volume of Torrid Battle Magic
 45162 | Swamp:2  | Received a gift from Okawaru
 46101 | Swamp:2  | You fall into a shaft and drop 1 floor!
 46860 | Swamp:2  | Reached XP level 17. HP: 122/135 MP: 29/29
 47250 | Swamp:2  | Gained mutation: You passively dampen the noise of your
                  | surroundings. [hidden potential]
 47250 | Swamp:2  | Lost mutation: You have hidden genetic potential. [hidden
                  | potential expressed]
 48063 | Swamp:3  | Noticed Jorgrun
 48091 | Swamp:3  | Killed Jorgrun
 48520 | Swamp:4  | Entered Level 4 of the Swamp
 48789 | Swamp:3  | HP: 4/137 [will-o-the-wisp/foxfire (17)]
 48789 | Swamp:3  | Killed from afar by a will-o-the-wisp

Illustrated notes

Levels and vault maps discovered:
D:1:      dpeg_arrival_shrine, layout_basic, solitary_fountain,
          nicolae_wormholes
D:2:      layout_basic, hellmonk_ecumenical_altar_arch_garden,
          minmay_small_reverse_x
D:3:      layout_loops_ring, makhleb_altar_promises_db,
          kennysheep_okawaru_gauntlet, grunt_dithmenos_smoke,
          grunt_ministairs_8, st_stairs_9, uniq_robin, uniq_ijyb
D:4:      layout_rooms, minmay_temple_entry_slanted, uniq_sigmund,
          uniq_blork_the_orc, uniq_natasha
D:5:      layout_loops_ring, serial_shops, nicolae_shop_stone, bh_walls_and_bars
D:6:      layout_layer_cave, nicolae_tso_besieged_by_evil,
          nemelex_dance_club_becter, nicolae_ossuary_entry_catacombs,
          minivault_4
D:7:      kb_forest_paths, layout_basic
D:8:      hangedman_cross_stitches, layout_basic, nicolae_uskayaw_dance_studio,
          gammafunk_ghost_smash, nicolae_concentric_dashed_squares_mild,
          nicolae_shop_clearance, uniq_prince_ribbit1, uniq_pikel
D:9:      layout_rooms, serial_shops, nicolae_stop_n_shop_1, uniq_maurice
D:10:     layout_grid_maze, minivault_8, uniq_erolcha
D:11:     layout_irregular_city, grunt_lair_entry_orc_guard_hut, david_orc_2,
          trog_butcher_becter
D:12:     minmay_angry_zag, layout_basic, kennysheep_generic_room_6
D:13:     layout_loops_corners, grunt_vaults_entry_fortified,
          kennysheep_generic_room_14, uniq_azrael
D:14:     layout_long_grid, vehumet_crystals
D:15:     gammafunk_depths_entry_grave, layout_long_grid,
          gauntlet_entry_generic, hangedman_decor_peaks_small,
          hangedman_corner_corridor, uniq_nessos, uniq_roxanne
Temple:   nicolae_temple_x_marks_the_god
Lair:1:   layout_cave_pods, infiniplex_staircase_pool_2, lemuel_fruit_tree,
          uniq_harold
Lair:2:   wad_woods_minihive, layout_regular_city, swamp_mist_pool,
          infiniplex_staircase_pool
Lair:3:   layout_cave_pods, spider_nest_entry_funnel_web
Lair:4:   nzn_winding_woodlands_stair_cross [nzn_winding_woodlands_5x15_cabin,
          nzn_winding_woodlands_center_lodge,
          nzn_winding_woodlands_5x15_longhouse,
          nzn_winding_woodlands_5x5_checkerboard,
          nzn_winding_woodlands_5x5_perimeter,
          nzn_winding_woodlands_5x15_parted,
          nzn_winding_woodlands_center_pierced_h,
          nzn_winding_woodlands_5x15_pockets], layout_gridlike,
          nicolae_quartered_pool_medium, chequers_serial_rivers_micro_b,
          beast_lair_carwin_10
Lair:5:   layout_misc_corridors, grunt_megastairs_2, serial_bayou_shore_a
Lair:6:   minmay_lair_end_frog_pond, layout_regular_city, slime_dummy
Swamp:1:  gammafunk_mikee_crab_dinner, layout_falls_marsh, nicolae_swamp_oxbows,
          lemuel_altar_in_water, uniq_louise, uniq_aizul, uniq_nikola
Swamp:2:  layout_falls_marsh, evilmike_swamp_ruin_rubble_2
Swamp:3:  nicolae_swamp_husk_halls, layout_falls_marsh, hangedman_swamp_blocks,
          uniq_jorgrun
Swamp:4:  grunt_swamp_rune_castle, layout_basic_swamp, swamp_pool2,
          hangedman_swamp_pad
Orc:1:    layout_diamond_mine, enter_volcano_1
Orc:2:    grunt_orc_gardens, layout_caves, grunt_orc_garden, grunt_orc_garden,
          grunt_orc_garden, grunt_orc_garden, lightli_church_of_beogh,
          uniq_saint_roka, uniq_sonja

Skill      XL: |  1  2  3  4  5  6  7  8  9 10 11 12 13 14 15 16 17 |
---------------+----------------------------------------------------+-----
Maces & Flails | 2 3 4 5 6 7 9 10 11 12 13 14 | 14.5
Shields        | 3 4 5 6 |  6.1
Armour         | 3 4 5 6 7 8 9 11 12 | 12.2
Dodging        | 1 2 3 4 5 6 7 8 9 10 11 | 11.8
Invocations    | 1 3 5 6 8 10 12 14 15 16 17 | 17.4
Fighting       | 4 5 6 7 8 10 11 12 13 | 13.4
Stealth        | 4 6 7 8 9 |  9.2

Action                   |  1- 3 |  4- 6 |  7- 9 | 10-12 | 13-15 | 16-18 || total
-------------------------+-------+-------+-------+-------+-------+-------++-------
Melee: Mace              |   132 |   274 |   904 |   594 |       |   715 ||  2619
       Flail             |     8 |       |       |       |       |       ||     8
       Morningstar       |       |       |       |   684 |  2282 |   413 ||  3379
       Broad axe         |       |       |       |       |       |    42 ||    42
Invok: Heroism           |       |     1 |     6 |    15 |    16 |     9 ||    47
       Finesse           |       |       |       |     6 |     8 |     4 ||    18
       Duel              |       |       |       |       |       |     1 ||     1
Evoke: Wand              |       |       |     4 |     8 |     2 |     6 ||    20
  Use: Potion            |       |     3 |       |     5 |    18 |     3 ||    29
       Scroll            |       |     6 |     8 |     8 |    19 |     3 ||    44
 Stab: Invisible         |       |       |       |     2 |       |       ||     2
       Distracted        |       |       |       |     2 |     6 |     2 ||    10
       Sleeping          |       |       |       |     2 |    26 |     8 ||    36
       Confused          |       |       |       |       |       |     1 ||     1
Armor: Scale mail        |    69 |   175 |   274 |    13 |   297 |    80 ||   908
       Plate armour      |       |       |       |   143 |       |       ||   143
       Ring mail         |       |       |       |   319 |    93 |       ||   412
       Chain mail        |       |       |       |       |   378 |   403 ||   781
Dodge: Dodged            |    76 |   122 |   269 |   419 |   713 |   345 ||  1944
Block: Buckler           |    32 |   140 |   582 |  1107 |  1914 |   896 ||  4671
       Orb               |       |       |       |       |   162 |       ||   162
       Reflection        |       |       |       |       |    38 |    27 ||    65
       Kite shield       |       |       |       |       |       |   611 ||   611

Table legend: (Time is in decaauts)
 A = Elapsed time spent in this place.
 B = Non-inter-level travel time spent in this place.
 C = Inter-level travel time spent in this place.
 D = Time resting spent in this place.
 E = Time spent auto-exploring this place.
 F = Levels seen in this place.
 G = Mean time per level.
                   A        B        C        D        E       F      G
               +--------+--------+--------+--------+--------+-----+--------+
         Total |  48748 |  46266 |   2482 |  10613 |  24745 |  31 | 1572.5 |
       Dungeon |  26176 |  24686 |   1490 |   5651 |  13748 |  15 | 1745.1 |
        Temple |     61 |     61 |      0 |      0 |     47 |   1 |   61.0 |
          Lair |  12653 |  11924 |    729 |   2436 |   6662 |   6 | 2108.8 |
         Swamp |   4869 |   4703 |    166 |   1148 |   2388 |   4 | 1217.2 |
  Orcish Mines |   4120 |   4025 |     95 |   1366 |   1683 |   2 | 2060.0 |
       Ossuary |    351 |    351 |      0 |      0 |     33 |   1 |  351.0 |
      Gauntlet |    487 |    487 |      0 |      0 |    183 |   1 |  487.0 |
         Arena |     28 |     28 |      0 |     11 |      0 |   1 |   28.0 |
               +--------+--------+--------+--------+--------+-----+--------+

Top non-repeatable levels by time:
  Lair:2: 3108 daAuts
    D:11: 2945 daAuts
     D:7: 2569 daAuts
  Lair:4: 2551 daAuts
   Orc:2: 2370 daAuts
    D:10: 2342 daAuts
  Lair:5: 2169 daAuts
     D:8: 2088 daAuts
     D:3: 1929 daAuts
 Swamp:3: 1805 daAuts
    D:15: 1802 daAuts
     D:6: 1791 daAuts
   Orc:1: 1750 daAuts
     D:9: 1746 daAuts
    D:12: 1714 daAuts
